 Dungeon Crawl Stone Soup version 0.32-a0-876-gcfddb08 (webtiles) character file.

Game seed: 10912918906791216784

25758284 NahIdwin the Shapeless Octopus (level 27, 216/216 HPs)
             Began as an Octopode Alchemist on Mar 31, 2024.
             Was the Champion of Wu Jian.
             Escaped with the Orb
             ... and 15 runes
             ... and 5 gems!
             The game lasted 03:48:51 (59000 turns).

NahIdwin the Shapeless Octopus (OpAl)              Turns: 59000, Time: 03:48:52

Health: 216/216    AC: 19    Str: 33    XL:     27
Magic:  31/35      EV: 72    Int: 18    God:    Wu Jian [******]
Gold:   477        SH:  0    Dex: 31    Spells: 4/30 levels left

rFire   + +          .
                       - Unarmed
rCold   + + +        (shield currently unavailable)
rNeg    + + +        I - melded +2 hat {Int+3}
rPois   ∞            Z - amulet of regeneration
rElec   +            G - ring of Usitt {AC+4 SInv Stlth+}
rCorr   +            s - ring of Free Will {EV+5 Str+6 Dex+4}
SInv    +            t - ring "Senuihab" {rPois rF+ Will+ rCorr Dex+6}
Will    ++++.        o - ring of Awe {Wiz rN+ MP+9 Dex+3}
Stlth   +++          A - ring "Qoidot" {rPois rC+ Str+3 Int+4 Dex+3}
HPRegen 1.36/turn    T - ring "Aveugeeh" {rPois rC+ Will+}
MPRegen 0.24/turn    h - ring "Vawnailo" {^Drain rC+ rCorr Str+6 Clar}
                     Q - ring of the Screaming Madman {Fly rF+ rN+++ rCorr}

%: clarity, wizardry (x1)
@: storm-form, flying
A: cleaving, insubstantial, flying, almost no armour, amphibious, 8 rings,
(camouflage 1), (gelatinous body 1), (nimble swimmer 1), (tentacles), (large
bone plates 1), (cold resistance 1), dopey 2
0: Orb of Zot
}: 15/15 runes: decaying, serpentine, slimy, silver, golden, iron, obsidian,
icy, bone, abyssal, demonic, glowing, magical, fiery, dark
a: Blinkbolt, Begin Untransformation, Renounce Religion, Wall Jump, Serpent's
Lash, Heavenly Storm


You escaped.
You worshipped Wu Jian.
Wu Jian was exalted by your worship.
You were a lightning-filled tempest!
You visited 18 branches of the dungeon, and saw 88 of its levels.
You visited Pandemonium 1 time, and saw 16 of its levels.
You visited the Abyss 2 times.
You visited 1 bazaar.
You also visited: Trove, Gauntlet, Ice Cave and Wizlab.

You collected 30523 gold pieces.
You spent 9555 gold pieces at shops.
You paid 20491 gold pieces to Gozag.

Inventory:

Armour
 I - a +2 hat of intelligence (melded)
Jewellery
 h - the ring "Vawnailo" (on tentacle) {^Drain rC+ rCorr Str+6 Clar}
   (You bought it in a shop on level 2 of the Snake Pit)

   [ring of protection from cold]

   Str+6:     It affects your strength (+6).
   rC+:       It protects you from cold.
   Clar:      It protects you from confusion, rage, mesmerisation and fear.
   rCorr:     It protects you from acid and corrosion.
   ^Drain:    It drains your maximum health when unequipped.
 m - the ring "Fip Ingol" {rC+++ Int+6}
   (You bought it in a shop on level 3 of the Depths)

   [ring of intelligence]

   Int+6:     It affects your intelligence (+6).
   rC+++:     It renders you almost immune to cold.
 o - the ring of Awe (on tentacle) {Wiz rN+ MP+9 Dex+3}
   (You found it on level 3 of the Dungeon)

   [ring of wizardry]

   Wiz:       It improves your spell success rate.
   Dex+3:     It affects your dexterity (+3).
   rN+:       It protects you from negative energy.
   MP+9:      It affects your magic capacity (+9).
 s - a ring of Free Will (right tentacle) {EV+5 Str+6 Dex+4}
   (You found it on level 4 of the Dungeon)

   [ring of evasion]

   EV+5:      It affects your evasion (+5).
   Str+6:     It affects your strength (+6).
   Dex+4:     It affects your dexterity (+4).
 t - the ring "Senuihab" (on tentacle) {rPois rF+ Will+ rCorr Dex+6}
   (You took it off a deep elf sorcerer on level 3 of the Elven Halls)

   [ring of dexterity]

   Dex+6:     It affects your dexterity (+6).
   rF+:       It protects you from fire.
   rPois:     It protects you from poison.
   Will+:     It increases your willpower.
   rCorr:     It protects you from acid and corrosion.
 u - the amulet "Nah Zei" {Spirit rF+ rN+ Will+}
   (You found it in a wizard's laboratory)

   [amulet of guardian spirit]

   Spirit:    It causes incoming damage to be divided between your reserves of
   health and magic.
   rF+:       It protects you from fire.
   rN+:       It protects you from negative energy.
   Will+:     It increases your willpower.
 y - the ring "Hexec" {rN+ Str+6 Stlth+}
   (You found it on level 5 of the Vaults)

   [ring of strength]

   Str+6:     It affects your strength (+6).
   rN+:       It protects you from negative energy.
   Stlth+:    It makes you more stealthy.
 A - the ring "Qoidot" (on tentacle) {rPois rC+ Str+3 Int+4 Dex+3}
   (You found it on level 3 of the Tomb of the Ancients)

   [ring of protection from cold]

   Str+3:     It affects your strength (+3).
   Int+4:     It affects your intelligence (+4).
   Dex+3:     It affects your dexterity (+3).
   rC+:       It protects you from cold.
   rPois:     It protects you from poison.
 G - the ring of Usitt (left tentacle) {AC+4 SInv Stlth+}
   (You found it in a treasure trove)

   [ring of protection]

   AC+4:      It affects your AC (+4).
   SInv:      It lets you see invisible.
   Stlth+:    It makes you more stealthy.
 H - a +6 ring of dexterity
 L - a ring of fire
 N - the ring of Olluhue {Fly Str+3 Dex+4}
   (You found it in a Gauntlet)

   [ring of flight]

   Str+3:     It affects your strength (+3).
   Dex+4:     It affects your dexterity (+4).
   Fly:       It grants you flight.
 Q - the ring of the Screaming Madman (on tentacle) {Fly rF+ rN+++ rCorr}
   (You found it in a Gauntlet)

   [ring of flight]

   rF+:       It protects you from fire.
   rN+++:     It renders you almost immune to negative energy.
   Fly:       It grants you flight.
   rCorr:     It protects you from acid and corrosion.
 T - the ring "Aveugeeh" (on tentacle) {rPois rC+ Will+}
   (You found it on level 5 of the Vaults)

   [ring of poison resistance]

   rC+:       It protects you from cold.
   rPois:     It protects you from poison.
   Will+:     It increases your willpower.
 Z - an amulet of regeneration (around neck)
Wands
 C - a wand of acid (25)
 D - a wand of paralysis (33)
 R - a wand of roots (57)
 V - a wand of polymorph (36)
 X - a wand of digging (8)
Scrolls
 i - 5 scrolls of immolation
 j - 9 scrolls of teleportation
 v - 4 scrolls of poison
 w - 9 scrolls of amnesia
 x - 7 scrolls of vulnerability
 z - 7 scrolls of fear
 E - 2 scrolls of torment
 F - 4 scrolls of fog
 P - 6 scrolls of summoning
 Y - 3 scrolls of silence
Potions
 a - 2 potions of magic
 b - 3 potions of berserk rage
 c - 5 potions of might
 d - 5 potions of invisibility
 f - 9 potions of lignification
 g - 9 potions of brilliance
 k - 6 potions of ambrosia
 l - 12 potions of enlightenment
 n - 8 potions of attraction
 p - 26 potions of curing
 q - 8 potions of mutation
 r - 5 potions of resistance
 B - 4 potions of cancellation
 K - 5 potions of haste
 M - 4 potions of heal wounds
Miscellaneous
 e - a phantom mirror
 O - a box of beasts
 S - a phial of floods
 U - a figurine of a ziggurat


   Skills:
 + Level 24.5 Fighting
 + Level 24.4 Dodging
 + Level 17.7 Stealth
 O Level 27 Unarmed Combat
 - Level 2.0 Spellcasting
 - Level 5.4 Conjurations
 + Level 19.0 Translocations
 - Level 10.2 Air Magic
 - Level 8.0 Alchemy
 O Level 27 Shapeshifting


You had 4 spell levels left.
You knew the following spells:

 Your Spells              Type           Power      Damage    Failure   Level
a - Vhi's Electric Charg  Tloc/Air       100%       N/A       1%          4
b - Irradiate             Conj/Alch      13%        3d16      13%         5
c - Lesser Beckoning      Tloc           100%       N/A       0%          2
d - Passage of Golubria   Tloc           63%        N/A       1%          4
e - Apportation           Tloc           100%       N/A       0%          1
f - Manifold Assault      Tloc           31%        N/A       2%          7
g - Mephitic Cloud        Conj/Alch/Air  30%        N/A       1%          3

Your spell library contained the following spells:

 Spells                   Type           Power      Damage    Failure   Level
 Blink                    Tloc           100%       N/A       0%          2
 Teleport Other           Tloc           63%        N/A       0%          3
 Magic Dart               Conj           84%        1d7       1%          1
 Shock                    Conj/Air       100%       1d9       1%          1
 Sting                    Conj/Alch      100%       1d9       1%          1
 Cigotuvi's Dreadful Rot  Necr/Alch/Air  46%        N/A       1%          2
 Mercury Vapours          Alch/Air       68%        N/A       1%          2
 Momentum Strike          Conj/Tloc      90%        3d10      1%          2
 Searing Ray              Conj           42%        2d6       1%          2
 Swiftness                Air            38%        N/A       1%          3
 Volatile Blastmotes      Fire/Tloc      72%        2d16      1%          3
 Airstrike                Air            19%        2d(3-19)  1%          4
 Iskenderun's Mystic Bla  Conj/Tloc      45%        2d10      (+2d51%     4
 Maxwell's Portable Pile  Tloc           63%        2d(14-28) 1%          4
 Foxfire                  Conj/Fire      44%        2x1d6     2%          1
 Kiss of Death            Conj/Necr      44%        2d8       2%          1
 Olgreb's Toxic Radiance  Alch           30%        N/A       2%          4
 Fulminant Prism          Conj/Alch      13%        3d9       4%          4
 Freeze                   Ice            4%         1d3       8%          1
 Necrotise                Necr           4%         1d4       8%          1
 Slow                     Hex            4%         N/A       8%          1
 Summon Small Mammal      Summ           4%         N/A       8%          1
 Dazzling Flash           Conj/Hex       22%        N/A       8%          3
 Hailstorm                Conj/Ice       11%        3d6       8%          3
 Stone Arrow              Conj/Erth      22%        3d8       8%          3
 Summon Lightning Spire   Summ/Air       20%        N/A       9%          4
 Call Imp                 Summ           2%         N/A       11%         2
 Jinxbite                 Hex            2%         N/A       11%         2
 Ignite Poison            Fire/Alch      16%        N/A       14%         4
 Sticky Flame             Fire/Alch      16%        2d5       14%         4
 Call Canine Familiar     Summ           1%         N/A       21%         3
 Confusing Touch          Hex            1%         N/A       21%         3
 Frozen Ramparts          Ice            2%         1d1       21%         3
 Inner Flame              Hex/Fire       1%         N/A       21%         3
 Ozocubu's Armour         Ice            1%         N/A       21%         3
 Passwall                 Erth           1%         N/A       21%         3
 Sigil of Binding         Hex            1%         N/A       21%         3
 Summon Ice Beast         Ice/Summ       1%         N/A       21%         3
 Tukima's Dance           Hex            1%         N/A       21%         3
 Vampiric Draining        Necr           1%         2d6       21%         3
 Flame Wave               Conj/Fire      11%        2d6       24%         4
 Anguish                  Hex/Necr       0%         N/A       54%         4
 Animate Dead             Necr           1%         N/A       54%         4
 Cause Fear               Hex            0%         N/A       54%         4
 Dispel Undead            Necr           1%         3d6       54%         4
 Summon Blazeheart Golem  Fire/Summ      1%         N/A       54%         4
 Dispersal                Tloc           31%        N/A       1%          6
 Gell's Gavotte           Tloc           31%        2d(25-37) 1%          6
 Alistair's Intoxication  Alch           20%        N/A       8%          5
 Arcjolt                  Conj/Air       15%        1d25      9%          5
 Disjunction              Tloc           31%        N/A       19%         8
 Iskenderun's Battlesphe  Conj           21%        2d7       21%         5
 Freezing Cloud           Conj/Ice/Air   10%        6-21      24%         5
 Silence                  Hex/Air        10%        N/A       24%         5
 Yara's Violent Unravell  Hex/Alch       8%         3d5       34%         5
 Fireball                 Conj/Fire      5%         3d5       52%         5
 Malign Gateway           Summ/Tloc      18%        N/A       73%         7
 Borgnjor's Vile Clutch   Necr/Erth      0%         N/A       86%         5
 Curse of Agony           Necr           1%         N/A       86%         5
 Lee's Rapid Deconstruct  Erth           0%         3d4*      86%         5
 Metabolic Englaciation   Hex/Ice        0%         N/A       86%         5
 Summon Mana Viper        Hex/Summ       1%         N/A       86%         5
 Sculpt Simulacrum        Ice/Alch       8%         N/A       88%         6
 Bombard                  Conj/Erth      5%         9d2       97%         6
 Starburst                Conj/Fire      5%         6d4       97%         6
 Orb of Destruction       Conj           10%        9d6       99%         7
 Maxwell's Capacitive Co  Air            19%        ∞         99%         8
 Death Channel            Necr           0%         N/A       100%        6
 Enfeeble                 Hex            0%         N/A       100%        7
 Monstrous Menagerie      Summ           0%         N/A       100%        7
 Ozocubu's Refrigeration  Ice            0%         4d7       100%        7
 Spellforged Servitor     Conj/Summ      5%         N/A       100%        7
 Summon Hydra             Summ           0%         N/A       100%        7
 Discord                  Hex            0%         N/A       100%        8
 Ignition                 Fire           0%         3d3       100%        8
 Lehudib's Crystal Spear  Conj/Erth      5%         10d3      100%        8
 Chain Lightning          Conj/Air       15%        3d20      100%        9
 Death's Door             Necr           0%         N/A       100%        9
 Dragon's Call            Summ           0%         N/A       100%        9
 Fire Storm               Conj/Fire      5%         8d2       100%        9
 Polar Vortex             Ice            0%         N/A       100%        9
 Shatter                  Erth           0%         3d5*      100%        9
 Sublimation of Blood     Necr           Unusable   N/A       N/A         2
 Animate Armour           Summ/Erth      Unusable   N/A       N/A         4

Dungeon Overview and Level Annotations

Branches:
Dungeon (15/15)            Temple (1/1) D:6            Lair (5/5) D:10
  Swamp (4/4) Lair:2        Snake (4/4) Lair:3        Slime (5/5) Lair:5
    Orc (2/2) D:9             Elf (3/3) Orc:2        Vaults (5/5) D:13
  Crypt (3/3) Vaults:3       Tomb (3/3) Crypt:3      Depths (4/4) D:15
   Hell (visited)             Dis (7/7) Hell            Geh (7/7) Hell
    Coc (7/7) Hell            Tar (7/7) Hell            Zot (5/5) Depths:4
  IceCv (visited)          WizLab (visited)         Gauntlet (visited)

Altars:
Ashenzari
Cheibriados
Dithmenos
Elyvilon
Fedhas
Gozag
Hepliaklqana
Kikubaaqudgha
Makhleb
Nemelex Xobeh
Okawaru
Qazlal
Ru
Sif Muna
Trog
Uskayaw
Vehumet
Wu Jian
Xom
Yredelemnul
Zin
The Shining One
Beogh
Jiyva

Shops:
D:15 ?===*=?!*(   Orc:1 (   Orc:2 :[([   Elf:3 *   Snake:2 *(   Snake:3 !*
Vaults:2 ?(?   Vaults:3 (*   Vaults:5 *   Depths:1 !!?   Depths:3 :=:

Portals:
Hell: Depths:1 Depths:2 Depths:3 Depths:4
Abyss: Depths:3 Depths:4
Pandemonium: Depths:2
Ziggurat: Depths:4

Annotations:
D:4 exclusion: door
D:5 1 runed translucent door, ooops's ghost, amateur CoGl
D:6 Grinder
Elf:1 Roxanne
Coc:1 exclusion: 3 ice statues
Coc:5 exclusion: ice statue


Innate Abilities, Weirdness & Mutations

You are a lightning-filled tempest!
Your electrical attacks strike out in all directions at once.
You are incredibly evasive.
Your insubstantial body is immune to petrification, constriction, and being set on fire You are flying.
Your armour is entirely melded.
You are incapable of wielding weapons or throwing items.
You cannot wear most types of armour.
You are amphibious.
You can wear up to eight rings at the same time.
You are immune to poison.
((Your skin changes colour to match your surroundings (Stealth+).))
((Your rubbery body absorbs attacks. (AC +1, EV +1)))
((You are camouflaged when in or above water. (Stealth+)))
((You have tentacles for arms and can constrict up to eight enemies at once.))
((You are partially covered in large bone plates. (SH +4)))
((Your flesh is cold resistant. (rC+)))
You are very dopey. (Int -4)


Message History

You blast the soul eater!!!!
Lightning courses through the soul eater!!
You kill the soul eater!
The Council accepts your kill.
Casting: Passage of Golubria (safe; 1% risk of failure)
Confirm with . or Enter, or press ? or * to list all spells.
Aiming: Passage of Golubria (safe; 1% risk of failure)
Press: ? - help, Dir - move target You enter the passage of Golubria.
There is a passage of Golubria here.
There is a stone staircase leading up here.
You fly upwards.
There is a stone staircase leading down here.
Casting: Passage of Golubria (safe; 1% risk of failure)
Confirm with . or Enter, or press ? or * to list all spells.
Aiming: Passage of Golubria (safe; 1% risk of failure)
Press: ? - help, Dir - move target, f - you
Okay, then.
You see here an adder skeleton.
There is a fountain of clear blue water here.
Casting: Passage of Golubria (safe; 1% risk of failure)
Confirm with . or Enter, or press ? or * to list all spells.
Aiming: Passage of Golubria (safe; 1% risk of failure)
Press: ? - help, Dir - move target You enter the passage of Golubria.
There is a passage of Golubria here.
A blizzard demon comes into view.
There is a stone staircase leading up here.
You fly upwards.
There is a stone staircase leading down here.
Casting: Passage of Golubria (safe; 1% risk of failure)
Confirm with . or Enter, or press ? or * to list all spells.
Aiming: Passage of Golubria (safe; 1% risk of failure)
Press: ? - help, Dir - move target You enter the passage of Golubria.
There is a passage of Golubria here.
You hear a snapping sound.
There is an open door here.
There is a staircase leading out of the dungeon here.
You have escaped!

##...##.####.....
########................
#.........#...#####.....
#.#####'#####.# #.....
#.#.........#.# #.....
#.#.........#.# ######
#.#..⌠...⌠..#.# #
#.#.........#.# ##
#.'....v....+.# #.
###...(.....#.# #.
#..⌠...⌠..#.# #.
#.........#.### #.
#.........#...# #.
#####'#####...#######.
#.......#.........
#################. #.


There were no monsters in sight!

Vanquished Creatures
  Cerebov (Pan)
  Antaeus (Coc:7)
  Asmodeus (Geh:7)
  the Royal Jelly (Slime:5)
  Mnoleg (Pan)
  Ereshkigal (Tar:7)
  Gloorx Vloq (Pan)
  Lom Lobon (Pan)
  the Serpent of Hell (Dis:7)
  3 dread liches
  Dispater (Dis:7)
  9 orbs of fire
  Mennas (Vaults:5)
  Mara (Snake:4)
  3 ancient liches
  Khufu (Crypt:3)
  A juggernaut (Dis:7)
  The ghost of Kuur the Shatterer, a veteran OnWr of Ashenzari (Depths:4)
  Boris (Depths:2)
  22 royal mummies
  Saint Roka (Depths:2)
  4 Killer Klowns (Zot:5)
  5 shard shrikes (Coc:7)
  A curse toe (Zot:5)
  Geryon (Hell)
  The ghost of NahIdwin the Sorcerer, a veteran DjHW of Makhleb (Vaults:4)
  11 caustic shrikes
  7 golden dragons
  3 pandemonium lords
  Nikola (Swamp:4)
  4 profane servitors
  12 Brimstone Fiends
  8 iron giants
  17 bone dragons
  2 electric golems (Zot:5)
  12 doom hounds
  10 Tzitzimimeh
  4 hellephants
  13 Ice Fiends
  13 Hell Sentinels
  Jorgrun (Orc:1)
  6 tentacled monstrosities
  A spectral shard shrike (Tar:7)
  A shard shrike skeleton (Tomb:3)
  5 quicksilver dragons
  14 searing wretches
  A moon troll (WizLab)
  25 Orb Guardians
  14 tainted leviathans
  4 liches
  2 deep elf blademasters (Elf:3)
  15 acid blobs
  9 sphinxes
  Asterion (Vaults:2)
  18 titans
  18 ancient champions
  4 death cobs
  A deep elf master archer (Elf:3)
  13 Executioners
  13 tentacled starspawn
  7 shadow dragons
  Gastronok (Lair:2)
  Kirke (Swamp:1)
  A fenstrider witch (Swamp:2)
  8 storm dragons
  8 protean progenitors
  4 thorn hunters
  8 azure jellies
  6 revenants
  12 fire giants
  7 tengu reavers
  9 nagarajas
  Donald (Swamp:4)
  A draconian monk (Zot:5)
  9 demonspawn warmongers (Pan)
  6 quicksilver elementals
  A draconian knight (Zot:1)
  30 balrugs
  A draconian shifter (Depths:4)
  8 rockslimes
  17 narguns
  15 vault wardens
  8 deep elf sorcerers (Elf:3)
  2 iron dragons
  6 shard shrike simulacra
  3 deep elf elementalists (Elf:3)
  5 demonspawn blood saints (Pan)
  Louise (Swamp:1)
  2 curse skulls (Pan)
  5 demonspawn corrupters (Pan)
  A spectral caustic shrike (Tar:3)
  5 ghouls
  A spectral juggernaut (Tar:4)
  7 frost giants
  12 reapers
  4 draconian annihilators
  2 orc warlords
  3 caustic shrike skeletons
  A caustic shrike zombie (Tomb:2)
  8 formless jellyfish
  2 broodmothers (Zot:5)
  9 ironbound thunderhulks
  A draconian stormcaller (Depths:4)
  24 very ugly things
  15 stone giants
  16 cacodemons
  21 ironbound preservers
  2 green draconians (Zot:1)
  A juggernaut skeleton (Depths:1)
  9 quicksilver oozes
  18 elemental wellsprings
  3 vampire knights
  5 lorocyprocas
  4 deep elf demonologists
  2 black draconians
  14 war gargoyles
  11 deep elf death magi
  3 demonspawn black suns (Pan)
  2 purple draconians
  3 eleionomae
  9 putrid mouths
  6 bennus (Tomb:1)
  3 white draconians
  A spark wasp (shapeshifter) (D:15)
  A red draconian (Depths:4)
  A yellow draconian (Zot:5)
  6 bunyips
  A minotaur (Gauntlet)
  6 deep elf annihilators
  Azrael (Elf:1)
  25 mummy priests
  13 wendigos
  6 spark wasps
  17 iron golems
  8 ettins
  A merfolk javelineer (Abyss:3)
  8 green deaths
  8 dire elephants
  5 eidola (Tar:7)
  A shambling mangrove (Swamp:4)
  Josephine (D:15)
  2 crystal guardians (WizLab)
  17 blizzard demons
  14 jiangshi
  4 deep elf high priests (Elf:3)
  An entropy weaver (shapeshifter) (Elf:1)
  12 yaktaur captains
  6 fire dragons
  A fenstrider witch zombie (Crypt:1)
  3 entropy weavers
  10 great orbs of eyes
  2 peacekeepers
  18 salamander tyrants
  3 rakshasas
  Harold (Orc:1)
  34 vault guards
  2 hell beasts
  7 anacondas
  16 hydras
  A bennu zombie (Crypt:1)
  5 juggernaut simulacra
  8 ironbound frosthearts
  6 ice dragons
  7 caustic shrike simulacra
  2 spriggan skeletons
  2 radroaches (Zot:5)
  4 spriggan air magi
  2 catoblepae
  6 ogre magi
  A merfolk aquamancer (Pan)
  8 alligators
  4 stokers
  10 centaur warriors
  2 death knights
  8 two-headed ogres
  35 death scarabs
  2 jorogumos (Pan)
  2 boulder beetles
  7 dancing weapons
  3 death yaks (Lair:4)
  7 deep troll earth magi
  25 hell hogs
  6 shock serpents
  4 tengu warriors
  4 vampire magi
  7 deep troll shamans
  A shock serpent (shapeshifter) (Vaults:5)
  21 naga sharpshooters
  17 naga warriors
  3 demonic crawlers
  An occultist (Depths:2)
  9 orc high priests
  44 sun demons
  2 thrashing horrors (Abyss:3)
  9 deep elf knights
  20 soul eaters
  10 spriggans
  3 hell knights
  6 crystal echidnas
  4 wretched stars (Abyss:3)
  A goliath frog (Swamp:3)
  12 shadow wraiths
  11 iron trolls
  A skyshark (Lair:5)
  A storm dragon skeleton (Depths:1)
  17 sixfirhies
  A spark wasp zombie (Crypt:2)
  31 skeletal warriors
  6 spriggan druids
  8 glowing orange brains
  8 salamander mystics
  A fire crab (shapeshifter) (Vaults:5)
  2 quicksilver dragon simulacra
  5 mana vipers
  6 swamp dragons (Swamp:4)
  3 sun moths (Pan)
  10 bog bodies
  6 lindwurms
  8 shadow demons (Pan)
  7 flayed ghosts
  2 naga ritualists
  5 arcanists
  19 starcursed masses
  65 deep trolls
  8 deep elf archers
  11 deep elf zephyrmancers
  9 orc knights
  2 orange crystal statues
  7 necromancers
  5 phantasmal warriors
  3 spriggan simulacra
  2 obsidian bats (Orc:1)
  41 ugly things
  3 anaconda skeletons
  5 thermic dynamos
  23 ironbound convokers
  9 deep elf pyromancers
  8 shining eyes
  4 orc sorcerers
  A wolf spider zombie (D:13)
  3 cyclopes
  18 salamanders
  A stone giant zombie (Vaults:3)
  5 elephants (Lair:3)
  10 large abominations
  7 will-o-the-wisps
  7 moths of wrath
  2 kobold blastminers (Orc:2)
  A worldbinder (Abyss:3)
  A goliath frog skeleton (Crypt:2)
  A frost giant skeleton (Vaults:3)
  4 manticores
  A shadow dragon skeleton (Crypt:1)
  9 guardian serpents
  3 meliai (D:14)
  60 slime creatures
  18 vault sentinels
  10 ice statues
  10 molten gargoyles
  26 smoke demons
  30 black mambas
  2 apocalypse crabs (Abyss:3)
  2 eyes of devastation (WizLab)
  A gargoyle (D:14)
  3 naga zombies
  A black mamba (shapeshifter) (D:14)
  12 cane toads
  10 centaur zombies (D:13)
  18 naga magi
  A shock serpent skeleton (Crypt:1)
  4 titan simulacra
  4 rust devils (Hell)
  13 orange demons
  A cane toad (shapeshifter) (Elf:1)
  A dire elephant skeleton (Tomb:2)
  A minotaur zombie (Gauntlet)
  Jeremiah (D:8)
  18 tormentors
  An unseen horror (D:12)
  17 yaktaurs
  An efreet (D:15)
  13 komodo dragons
  2 iron giant simulacra
  38 hellions
  2 rime drakes
  2 bunyip simulacra (Crypt:2)
  2 kobold demonologists
  A tengu conjurer (D:14)
  4 anaconda simulacra
  2 ice devils (Geh:4)
  13 freezing wraiths
  A spectral naga (Tar:3)
  35 guardian mummies
  A harpy zombie (Crypt:3)
  A hydra zombie (Tomb:1)
  5 red devils
  11 tyrant leeches
  8 hellwings (Pan)
  An ancient zyme (Abyss:3)
  3 golden dragon simulacra
  2 spectral harpies
  A silent spectre (Tar:4)
  A bloated husk (Swamp:2)
  8 trolls
  11 hornets
  A tarantella (Vaults:2)
  21 blink frogs
  A harpy skeleton (Abyss:3)
  6 polar bears
  A glass eye (Slime:5)
  3 iron dragon simulacra
  A tarantella zombie (Crypt:2)
  2 ettin zombies
  3 meliai zombies
  2 stone giant simulacra
  An ettin skeleton (Tomb:2)
  A spriggan (shapeshifter) (Elf:1)
  An air elemental (Elf:3)
  18 shadows
  2 water elementals (Depths:2)
  5 ynoxinuls (Pan)
  14 ushabtiu
  2 black mamba skeletons
  3 steam dragons
  2 vampires (D:13)
  21 wraiths
  5 golden eyes (WizLab)
  7 wyverns
  37 yaks
  2 fire elementals (Elf:1)
  A hog (Swamp:1)
  7 basilisks
  16 wargs
  16 neqoxecs
  19 vampire mosquitoes
  3 death yak simulacra (IceCv)
  Edmund (D:6)
  9 chaos spawn (Pan)
  10 harpy simulacra
  40 nagas
  10 swamp worms
  A glowing shapeshifter zombie (Vaults:4)
  3 acid dragons
  A naga skeleton (Tomb:1)
  A water moccasin (shapeshifter) (Elf:1)
  11 hell hounds
  9 water moccasins
  9 swamp drakes
  2 sky beasts
  An ogre skeleton (Vaults:4)
  2 ettin simulacra
  A snapping turtle zombie (Crypt:2)
  An ice beast (D:7)
  A black bear (D:7)
  25 laughing skulls
  12 orc warriors
  5 small abominations
  30 wolves
  15 ogres
  4 centaurs
  A human skeleton (Vaults:3)
  3 kobold brigands (D:9)
  3 phantoms
  14 bullfrogs
  An earth elemental (Elf:3)
  2 elf zombies (Elf:3)
  Blork the orc (D:5)
  2 gnoll sergeants
  A naga simulacrum (Crypt:2)
  7 scorpions
  3 wights (D:7)
  11 killer bees
  A vampire bat (Orc:1)
  2 electric eels
  3 howler monkeys
  5 crimson imps
  5 lava snakes (Lair:5)
  3 bombardier beetles
  A basilisk zombie (Crypt:1)
  25 orc priests
  A hound (D:5)
  A sleepcap (D:4)
  Jessica (D:2)
  5 iguanas
  A scorpion zombie (D:4)
  11 orc wizards
  3 hell rats (Hell)
  A polar bear simulacrum (IceCv)
  A crocodile zombie (Crypt:1)
  An ogre zombie (Crypt:2)
  A boggart simulacrum (D:15)
  36 mummies
  15 gnolls
  10 adders
  2 shadow imps
  14 white imps
  4 ufetubi
  An iguana zombie (Crypt:1)
  A ribbon worm (D:3)
  A dart slug (D:2)
  68 orcs
  5 endoplasms
  2 giant cockroaches (D:1)
  4 hobgoblins
  3 jackals (D:4)
  8 kobolds
  6 ball pythons
  20 bats
  5 frilled lizards
  4 goblins
  3 rats
  2 aspiring fleshes (Pan)
  A butterfly (Lair:4)
  2 creeping infernos
  2 fire vortices
  A lurking horror (Abyss:3)
  A spectral weapon (Vaults:2)
  10 starspawn tentacles
3024 creatures vanquished.

Vanquished Creatures (collateral kills)
  An acid blob (Slime:5)
  A death scarab (Tomb:3)
  A storm dragon skeleton (Tomb:3)
  A salamander (Snake:2)
  3 guardian mummies (Tomb:3)
  2 ushabtiu (Tomb:3)
  2 nagas (Snake:2)
  A mummy (Tomb:3)
12 creatures vanquished.

Vanquished Creatures (others)
  6 royal mummies (Tomb:3)
  A lich (Tomb:3)
  An ancient champion (Tomb:3)
  A revenant (Tomb:3)
  An elemental wellspring (Coc:7)
  3 mummy priests (Tomb:3)
  A vault guard (Vaults:5)
  18 death scarabs
  A skeletal warrior (Tomb:3)
  A deep troll (Vaults:5)
  A quicksilver dragon simulacrum (Coc:7)
  A deep elf archer (Elf:1)
  A swamp dragon (Swamp:4)
  A titan simulacrum (Coc:7)
  10 guardian mummies (Tomb:3)
  A bloated husk (Swamp:4)
  7 ushabtiu (Tomb:3)
  A naga (Snake:3)
  A hydra simulacrum (Coc:5)
  An ettin simulacrum (Coc:7)
  A naga simulacrum (Coc:7)
  A hell rat (Hell)
  2 mummies (Tomb:3)
  28 foxfires
  A lurking horror (Abyss:3)
  12 starspawn tentacles
104 creatures vanquished.

Grand Total: 3140 creatures vanquished

Notes
Turn   | Place    | Note
-------+----------+-------------------------------------------
     0 | D:1      | NahIdwin the Octopode Alchemist began the quest for the
                  | Orb.
     0 | D:1      | Reached XP level 1. HP: 11/11 MP: 3/3
    26 | D:1      | Found a faded altar of an unknown god.
   300 | D:1      | Reached XP level 2. HP: 15/17 MP: 0/5
   578 | D:1      | Learned a level 2 spell: Mercury Vapours
   767 | D:2      | Reached XP level 3. HP: 21/21 MP: 4/6
   867 | D:2      | You fall into a shaft and drop 1 floor!
   877 | D:3      | Learned a level 3 spell: Mephitic Cloud
  1153 | D:3      | Identified the ring of Awe {Wiz rN+ MP+9 Dex+3}
  1297 | D:3      | Reached XP level 4. HP: 26/27 MP: 7/7
  1672 | D:2      | Identified a scroll of acquirement
  1821 | D:2      | Noticed Jessica
  1828 | D:2      | Killed Jessica
  1829 | D:2      | Reached XP level 5. HP: 31/31 MP: 8/8
  2127 | D:4      | Reached skill level 5 in Alchemy
  2212 | D:4      | Identified a ring of Free Will {EV+5 Str+6 Dex+4}
  2276 | D:4      | Reached XP level 6. HP: 23/36 MP: 9/9
  3096 | D:4      | Reached XP level 7. HP: 30/41 MP: 10/10
  3100 | D:4      | Reached skill level 5 in Conjurations
  3100 | D:4      | Reached skill level 1 in Shapeshifting
  3718 | D:4      | Learned a level 4 spell: Olgreb's Toxic Radiance
  3754 | D:5      | Entered Level 5 of the Dungeon
  3810 | D:5      | Found a runed translucent door.
  3810 | D:5      | Noticed ooops's ghost (amateur CoGl)
  3887 | D:5      | Reached XP level 8. HP: 40/46 MP: 11/11
  4492 | D:5      | Learned a level 1 spell: Apportation
  4619 | D:5      | Noticed Blork the orc
  4730 | D:5      | Killed Blork the orc
  4731 | D:5      | Reached skill level 1 in Unarmed Combat
  5275 | D:6      | Found a staircase to the Ecumenical Temple.
  5297 | Temple   | Entered the Ecumenical Temple
  5305 | Temple   | Became a worshipper of Gozag Ym Sagoz the Greedy
  5358 | D:6      | Found a white marble altar of Elyvilon.
  5358 | D:6      | Found a shimmering blue altar of Sif Muna.
  5360 | D:6      | Found a shadowy altar of Dithmenos.
  5443 | D:6      | Noticed Grinder
  5548 | D:6      | Found a hazy altar of Hepliaklqana.
  5593 | D:6      | Noticed Edmund
  5624 | D:6      | Killed Edmund
  5886 | D:6      | Reached skill level 5 in Shapeshifting
  5908 | D:6      | Found an iron altar of Okawaru.
  6062 | D:6      | Reached XP level 9. HP: 45/51 MP: 12/12
  6373 | D:6      | Acquired 779 gold pieces
  6528 | D:7      | Found an ancient bone altar of Kikubaaqudgha.
  6577 | D:7      | Found an ornate altar of the Wu Jian Council.
  6694 | D:7      | Reached skill level 5 in Unarmed Combat
  6886 | D:7      | Found a snail-covered altar of Cheibriados.
  6991 | D:7      | Found a shimmering altar of Xom.
  7506 | D:8      | Noticed Jeremiah
  7521 | D:8      | Killed Jeremiah
  7522 | D:8      | Reached XP level 10. HP: 43/56 MP: 11/13
  8195 | D:9      | Found a staircase to the Orcish Mines.
  8442 | D:9      | Found a sparkling altar of Nemelex Xobeh.
  8856 | D:10     | Entered Level 10 of the Dungeon
  8930 | D:10     | Noticed a kobold demonologist
  8949 | D:10     | Killed a kobold demonologist
  9065 | D:10     | Found a blossoming altar of Fedhas.
  9253 | D:10     | Found a staircase to the Lair.
  9693 | D:10     | Reached XP level 11. HP: 61/61 MP: 14/14
 10085 | Lair:1   | Entered Level 1 of the Lair of Beasts
 10102 | Lair:1   | You fall into a shaft and drop 1 floor!
 10123 | Lair:2   | Noticed an eight-headed hydra
 10150 | Lair:2   | Killed an eight-headed hydra
 10151 | Lair:2   | Reached skill level 10 in Unarmed Combat
 10151 | Lair:2   | Reached skill level 10 in Shapeshifting
 11017 | Lair:1   | Reached XP level 12. HP: 42/66 MP: 15/15
 11260 | Lair:2   | Noticed Gastronok
 11494 | Lair:2   | Killed Gastronok
 11619 | Lair:2   | Reached skill level 1 in Fighting
 11713 | Lair:2   | Noticed a five-headed hydra
 11727 | Lair:2   | Killed a five-headed hydra
 12135 | Lair:2   | Noticed a catoblepas
 12147 | Lair:2   | Killed a catoblepas
 12272 | Lair:2   | Found a staircase to the Swamp.
 12952 | Lair:3   | Reached skill level 5 in Dodging
 13291 | Lair:3   | Reached skill level 5 in Fighting
 13383 | Lair:3   | Reached XP level 13. HP: 81/81 MP: 16/16
 14186 | Lair:3   | Found a staircase to the Snake Pit.
 15335 | Lair:5   | Entered Level 5 of the Lair of Beasts
 15614 | Lair:5   | Found a gate leading to a gauntlet.
 15624 | Gauntlet | Entered a Gauntlet
 15624 | Gauntlet | Found a transporter.
 15624 | Gauntlet | Found a transporter.
 15635 | Gauntlet | Found a transporter.
 15644 | Gauntlet | Found a transporter.
 15662 | Gauntlet | Found a transporter.
 15677 | Gauntlet | Found a transporter.
 15697 | Gauntlet | Found a transporter.
 15775 | Gauntlet | Found a transporter.
 15775 | Gauntlet | Found a transporter.
 15786 | Gauntlet | Found a transporter.
 15796 | Gauntlet | Found a transporter.
 15810 | Gauntlet | Found a transporter.
 15816 | Gauntlet | Found a transporter.
 15848 | Gauntlet | Found a large runed translucent door.
 15849 | Gauntlet | Found a large runed translucent door.
 15851 | Gauntlet | Found a runed translucent gate.
 15893 | Gauntlet | Found a transporter.
 15908 | Gauntlet | Found a transporter.
 15910 | Gauntlet | Found a large runed translucent door.
 15910 | Gauntlet | Found a large runed translucent door.
 15911 | Gauntlet | Found a large runed translucent door.
 15911 | Gauntlet | Found a large runed translucent door.
 15912 | Gauntlet | Found a large runed translucent door.
 15912 | Gauntlet | Found a large runed translucent door.
 15912 | Gauntlet | Found a runed translucent door.
 15912 | Gauntlet | Found a runed translucent door.
 15912 | Gauntlet | Found a large runed translucent door.
 15912 | Gauntlet | Found a large runed translucent door.
 15913 | Gauntlet | Found a large runed translucent door.
 15913 | Gauntlet | Found a large runed translucent door.
 15918 | Gauntlet | Found a large runed translucent door.
 15918 | Gauntlet | Found a large runed translucent door.
 15919 | Gauntlet | Found a large runed translucent door.
 15919 | Gauntlet | Found a large runed translucent door.
 15922 | Gauntlet | Found a runed translucent gate.
 15922 | Gauntlet | Found a runed translucent gate.
 15924 | Gauntlet | Found a transporter.
 16125 | Gauntlet | Identified the ring of Olluhue {Fly Str+3 Dex+4}
 16232 | Gauntlet | Identified the ring of the Screaming Madman {Fly rF+ rN+++
                  | rCorr}
 16407 | Gauntlet | Noticed a minotaur
 16417 | Gauntlet | Killed a minotaur
 16497 | Lair:5   | Found a viscous altar of Jiyva.
 16503 | Lair:5   | Found a staircase to the Slime Pits.
 16549 | Lair:5   | Reached XP level 14. HP: 95/95 MP: 17/17
 16683 | Lair:5   | Identified the +9 hand axe "Guren" {chaos, SInv}
 16732 | Lair:5   | Found a large runed translucent door.
 16732 | Lair:5   | Found a large runed translucent door.
 17725 | Orc:1    | Entered Level 1 of the Orcish Mines
 17891 | Orc:2    | Entered Level 2 of the Orcish Mines
 18121 | Orc:1    | Found Toutwav's Antique Weapon Emporium.
 18219 | Orc:1    | Noticed Jorgrun
 18224 | Orc:1    | Killed Jorgrun
 18236 | Orc:1    | Reached skill level 10 in Dodging
 18335 | Orc:1    | Found a roughly hewn altar of Beogh.
 18470 | Orc:1    | Noticed Harold
 18478 | Orc:1    | Killed Harold
 18554 | Orc:2    | Reached skill level 10 in Fighting
 18599 | Orc:2    | Gained mutation: You have hidden genetic defects. [a
                  | neqoxec]
 18816 | Orc:2    | Found Kahejuan's Antique Armour Boutique.
 18816 | Orc:2    | Found Giloroz's Weapon Shop.
 18885 | Orc:2    | Gained mutation: You are vulnerable to cold. (rC-) [hidden
                  | defects]
 19037 | Orc:2    | Found a staircase to the Elven Halls.
 19056 | Orc:2    | Reached XP level 15. HP: 105/105 MP: 13/18
 19192 | Orc:2    | Found a roughly hewn altar of Beogh.
 19274 | Orc:2    | Found Poell's Book Shop.
 19297 | Orc:2    | Found Yrhuup's Antique Armour Boutique.
 19759 | D:11     | Reached skill level 15 in Shapeshifting
 20132 | D:11     | Gained mutation: You are dopey. (Int -2) [hidden defects]
 20132 | D:11     | Lost mutation: You have hidden genetic defects. [hidden
                  | defects expressed]
 20489 | D:11     | Identified the +2 helmet of Weightlessness {rElec Str+5}
 20650 | D:12     | Acquired 412 gold pieces
 20738 | D:12     | Found a portal to a secret trove of treasure.
 21302 | D:13     | Found a frozen archway.
 21340 | IceCv    | Entered an ice cave
 21356 | IceCv    | Found a transporter.
 21435 | IceCv    | Found a transporter.
 22324 | D:13     | Found a gate to the Vaults.
 22612 | D:14     | Noticed a frost giant
 22632 | D:14     | Killed a frost giant
 22649 | D:14     | Reached XP level 16. HP: 29/111 MP: 17/19
 22846 | D:14     | Got the Thoughts on Destruction
 22968 | D:14     | Identified the ring of Wonder {Will- Str+6 SInv Stlth+}
 23303 | D:15     | Entered Level 15 of the Dungeon
 23401 | D:15     | Noticed Josephine
 23419 | D:15     | Killed Josephine
 23467 | D:15     | Found Balaynes's Antique Weapon Emporium.
 23970 | D:15     | Found a staircase to the Depths.
 24005 | D:15     | Bought a potion of berserk rage for 70 gold pieces
 24007 | D:15     | Bought a potion of ambrosia for 152 gold pieces
 24007 | D:15     | Bought a potion of mutation for 152 gold pieces
 24007 | D:15     | Bought a potion of berserk rage for 95 gold pieces
 24007 | D:15     | Bought a potion of cancellation for 152 gold pieces
 24007 | D:15     | Bought a potion of enlightenment for 95 gold pieces
 24007 | D:15     | Bought a potion of invisibility for 152 gold pieces
 24007 | D:15     | Bought a potion of enlightenment for 95 gold pieces
 24009 | D:15     | Bought a scroll of summoning for 133 gold pieces
 24009 | D:15     | Bought a scroll of identify for 28 gold pieces
 24009 | D:15     | Bought a scroll of teleportation for 42 gold pieces
 24009 | D:15     | Bought a scroll of revelation for 105 gold pieces
 24009 | D:15     | Bought a scroll of immolation for 56 gold pieces
 24375 | Snake:1  | Entered Level 1 of the Snake Pit
 24579 | Snake:1  | Reached skill level 15 in Unarmed Combat
 25297 | Snake:2  | Noticed a nagaraja
 25312 | Snake:2  | Killed a nagaraja
 25910 | Snake:2  | Found Waovae's Weapon Shoppe.
 26213 | Snake:2  | Reached XP level 17. HP: 117/117 MP: 20/20
 26298 | Snake:2  | Found Nitz's Clear Minds Boutique.
 26306 | Snake:2  | Bought the ring "Vawnailo" {^Drain rC+ rCorr Str+6 Clar}
                  | for 761 gold pieces
 26700 | Snake:3  | Found a shimmering blue altar of Sif Muna.
 27043 | Snake:3  | Identified the +4 dagger "Pauwae" {protect, rC+++ Int-3
                  | Dex+4}
 27404 | Snake:3  | Found Apoc's Assorted Antiques.
 27404 | Snake:3  | Found Yshriycka's Distillery.
 27412 | Snake:3  | Bought 2 potions of heal wounds for 150 gold pieces
 27475 | Snake:3  | Learned a level 4 spell: Passage of Golubria
 27475 | Snake:3  | Bought a potion of enlightenment for 75 gold pieces
 27540 | Snake:4  | Entered Level 4 of the Snake Pit
 27553 | Snake:4  | Noticed Mara
 27557 | Snake:4  | Killed Mara
 27558 | Snake:4  | Reached skill level 1 in Translocations
 28648 | Snake:4  | Identified the +9 hand axe of Makhleb's Pride {speed, rPois
                  | rN+}
 28662 | Snake:4  | Reached skill level 5 in Translocations
 28902 | Snake:4  | Reached XP level 18. HP: 122/122 MP: 21/21
 29039 | Snake:4  | Got a serpentine rune of Zot
 29242 | Swamp:1  | Entered Level 1 of the Swamp
 29443 | Swamp:1  | Noticed Kirke
 29452 | Swamp:1  | Killed Kirke
 29461 | Swamp:1  | Found an opulent altar of Gozag.
 29472 | Swamp:1  | Noticed Louise
 29495 | Swamp:1  | Killed Louise
 29945 | Swamp:2  | Noticed a tentacled monstrosity
 29960 | Swamp:2  | Killed a tentacled monstrosity
 29963 | Swamp:2  | Paralysed by a fenstrider witch for 4 turns
 30938 | Swamp:4  | Entered Level 4 of the Swamp
 31578 | Swamp:4  | Got a decaying rune of Zot
 31699 | Swamp:4  | Noticed Nikola
 31700 | Swamp:4  | Noticed Donald
 31709 | Swamp:4  | Killed Donald
 31715 | Swamp:4  | Killed Nikola
 31890 | Swamp:4  | Identified the +11 dagger of the Hated {spect, Will+ Int-5
                  | Dex+3 Stlth+}
 32175 | Vaults:1 | Entered Level 1 of the Vaults
 32180 | Vaults:1 | Reached XP level 19. HP: 127/127 MP: 22/22
 32832 | Vaults:1 | Reached skill level 10 in Translocations
 33678 | Vaults:2 | Found Lyreolad's Antique Weapon Emporium.
 33817 | Vaults:2 | Found a flickering gateway to a bazaar.
 33832 | Bazaar   | Entered a bazaar
 33854 | Bazaar   | Found Vacuigue's Antique Armour Shoppe.
 33854 | Bazaar   | Found Koschuov's Jewellery Emporium.
 33875 | Bazaar   | Found Gyithewy's Book Shoppe.
 33891 | Bazaar   | Found Wilos's Assorted Antiques.
 33896 | Bazaar   | Bought a scroll of blinking for 135 gold pieces
 33896 | Bazaar   | Bought a scroll of revelation for 135 gold pieces
 34164 | Vaults:2 | Noticed Asterion
 34183 | Vaults:2 | Killed Asterion
 34422 | Vaults:2 | Found Lacueraw's Magic Scroll Emporium.
 34429 | Vaults:2 | Bought a scroll of acquirement for 572 gold pieces
 34429 | Vaults:2 | Bought a scroll of acquirement for 572 gold pieces
 34630 | Vaults:2 | Reached XP level 20. HP: 139/139 MP: 23/23
 35127 | Vaults:2 | Found Nuulloew's Magic Scroll Emporium.
 35130 | Vaults:2 | Bought a scroll of blinking for 127 gold pieces
 35130 | Vaults:2 | Bought a scroll of revelation for 127 gold pieces
 35130 | Vaults:2 | Bought a scroll of fear for 68 gold pieces
 35130 | Vaults:2 | Bought a scroll of poison for 68 gold pieces
 35130 | Vaults:2 | Bought a scroll of teleportation for 51 gold pieces
 35312 | D:12     | You paid a toll of 2 scrolls of acquirement to enter a
                  | treasure trove
 35313 | Trove    | Entered a treasure trove
 35322 | Trove    | Identified the ring of Plog {Wiz *Slow Str+4 Dex+5}
 35324 | Trove    | Identified the +0 hat of Jucuof {rElec Int-4 Dex+3}
 35325 | Trove    | Identified the ring of Usitt {AC+4 SInv Stlth+}
 35348 | Trove    | Acquired 1197 gold pieces
 35507 | Vaults:3 | Found Rusuas's General Store.
 35522 | Vaults:3 | Bought 2 potions of invisibility for 192 gold pieces
 35610 | Vaults:3 | Noticed a bone dragon
 35620 | Vaults:3 | Killed a bone dragon
 35641 | Vaults:3 | Found a staircase to the Crypt.
 36255 | Vaults:3 | Found Ynuoni's Weapon Shop.
 37063 | Vaults:4 | Found a runed translucent gate.
 37063 | Vaults:4 | Found a runed translucent gate.
 37063 | Vaults:4 | Found a runed translucent gate.
 37064 | Vaults:4 | Noticed NahIdwin's ghost (veteran DjHW)
 37084 | Vaults:4 | Killed NahIdwin's ghost
 37090 | Vaults:4 | Identified the +4 long sword of Success {elec, Dex+3
                  | Stlth+}
 37315 | Vaults:4 | Reached XP level 21. HP: 149/149 MP: 24/24
 38255 | Vaults:5 | Entered Level 5 of the Vaults
 38262 | Vaults:5 | Noticed a golden dragon
 38267 | Vaults:5 | Reached skill level 15 in Fighting
 38268 | Vaults:5 | Reached skill level 15 in Dodging
 38272 | Vaults:5 | Killed a golden dragon
 38308 | Vaults:5 | Noticed Mennas
 38328 | Vaults:5 | Killed Mennas
 38399 | Vaults:5 | Noticed a golden dragon
 38407 | Vaults:5 | Killed a golden dragon
 38503 | Vaults:5 | Noticed a dread lich
 38508 | Vaults:5 | Killed a dread lich
 38634 | Vaults:5 | Gained mutation: You have hidden genetic defects. [a
                  | neqoxec]
 38780 | Vaults:5 | Reached XP level 22. HP: 160/160 MP: 11/25
 38939 | Vaults:5 | Identified the ring "Aveugeeh" {rPois rC+ Will+}
 39020 | Vaults:5 | Got a silver rune of Zot
 39164 | Vaults:5 | Gained mutation: Your magical capacity is low. (-10% MP)
                  | [hidden defects]
 39251 | Vaults:5 | Identified the +5 hand axe "Gis Sue" {heavy, rPois Str+3}
 39322 | Vaults:5 | Identified the ring "Hexec" {rN+ Str+6 Stlth+}
 39538 | Vaults:5 | Found Fiheff's Assorted Antiques.
 39570 | Vaults:5 | Bought a scroll of blinking for 285 gold pieces
 40060 | Elf:1    | Entered Level 1 of the Elven Halls
 40199 | Elf:1    | Noticed Azrael
 40213 | Elf:1    | Killed Azrael
 40240 | Elf:1    | Gained mutation: Your health recovers twice as slowly from
                  | being drained. [hidden defects]
 40240 | Elf:1    | Lost mutation: You have hidden genetic defects. [hidden
                  | defects expressed]
 40281 | Elf:1    | Noticed Roxanne
 40396 | Elf:3    | Entered Level 3 of the Elven Halls
 40621 | Elf:3    | Found Poogo's General Store.
 40629 | Elf:3    | Learned a level 2 spell: Lesser Beckoning
 40722 | Elf:3    | Got the Cyclopedia of Necromancy
 40860 | Elf:3    | Identified the +2 hand axe "Kenneden" {venom, Stlth+}
 40861 | Elf:3    | Identified the ring "Senuihab" {rPois rF+ Will+ rCorr
                  | Dex+6}
 40974 | Elf:3    | Identified the ring of Light {Fly rC+ rN+ Dex+2 Slay-4}
 40976 | Elf:3    | Identified the +8 great sword "Puzxonk" {freeze, rCorr
                  | Str+3 SInv}
 40976 | Elf:3    | Identified the +0 leather armour of Ujuh {Int+2}
 41148 | Elf:3    | Got the Handbook of Unstable Bolts
 41208 | Elf:3    | Got a shimmering gem with 173 turns to spare
 41264 | Elf:3    | Got the Notes on Maleficia
 41594 | Elf:2    | Identified the +0 pair of boots of the Prince of Darkness
                  | {rF+ Int+2 Dex+4}
 41658 | Elf:1    | Reached XP level 23. HP: 169/169 MP: 23/23
 42082 | D:15     | Bought a potion of might for 68 gold pieces
 42082 | D:15     | Bought a potion of enlightenment for 85 gold pieces
 42090 | D:15     | Bought a storm talisman for 1120 gold pieces
 42100 | Depths:1 | Entered Level 1 of the Depths
 42243 | Depths:1 | Found a gateway to Hell.
 42354 | Depths:1 | Found Hishorcho's Distillery.
 42404 | Depths:1 | Found Isitebri's Distillery.
 42407 | Depths:1 | Found Ocsel's Magic Scroll Boutique.
 42410 | Depths:1 | Bought a potion of ambrosia for 128 gold pieces
 42410 | Depths:1 | Bought a potion of might for 64 gold pieces
 42410 | Depths:1 | Bought a potion of haste for 160 gold pieces
 42410 | Depths:1 | Bought a potion of might for 64 gold pieces
 42410 | Depths:1 | Bought a potion of resistance for 160 gold pieces
 42410 | Depths:1 | Bought a potion of ambrosia for 128 gold pieces
 42412 | Depths:1 | Bought a potion of heal wounds for 100 gold pieces
 42412 | Depths:1 | Bought a potion of heal wounds for 100 gold pieces
 42412 | Depths:1 | Bought 2 potions of mutation for 320 gold pieces
 42414 | Depths:1 | Bought a scroll of revelation for 165 gold pieces
 42580 | Depths:1 | Found a broken altar of Ashenzari.
 42610 | Depths:1 | Found a bloodstained altar of Trog.
 42977 | Depths:2 | Found a stormy altar of Qazlal.
 43257 | Depths:2 | Noticed Saint Roka
 43267 | Depths:2 | Killed Saint Roka
 43396 | Depths:3 | Found a one-way gate to the infinite horrors of the Abyss.
 43483 | Depths:3 | Found a magical portal.
 43492 | WizLab   | Entered Lehudib's Moon Base
 43561 | WizLab   | Found a transporter.
 44006 | WizLab   | Gained mutation: You occasionally lose the ability to drink
                  | potions when taking damage. [a neqoxec]
 44105 | WizLab   | Found a transporter.
 44229 | WizLab   | Reached XP level 24. HP: 174/177 MP: 23/23
 44406 | WizLab   | Identified the amulet "Nah Zei" {Spirit rF+ rN+ Will+}
 44442 | WizLab   | Got Lehudib's Handbook of the Unseen Realm
 44538 | Depths:3 | Voluntarily entered the Abyss.
 44550 | Abyss:1  | Found a corrupted altar of Lugonu.
 44576 | Abyss:1  | Found a corrupted altar of Lugonu.
 44612 | Abyss:3  | Found a corrupted altar of Lugonu.
 44641 | Abyss:3  | Noticed an ancient lich
 44646 | Abyss:3  | Killed an ancient lich
 44855 | Abyss:3  | Got an abyssal rune of Zot
 44907 | Depths:3 | Escaped the Abyss
 45237 | Slime:1  | Entered Level 1 of the Pits of Slime
 45459 | Slime:5  | Entered Level 5 of the Pits of Slime
 45487 | Slime:5  | Learned a level 5 spell: Irradiate
 45501 | Slime:5  | Noticed the Royal Jelly
 45514 | Slime:5  | Killed the Royal Jelly
 45560 | Slime:5  | Identified the amulet "Omiarph" {RegenMP+ Str+3}
 45561 | Slime:5  | Identified the amulet "Juhi" {Spirit Fly Stlth+}
 45746 | Slime:5  | Identified the +0 cloak of the Barracuda {+Blink}
 45757 | Slime:5  | Got a starry gem with 121 turns to spare
 45759 | Slime:5  | Got a slimy rune of Zot
 46333 | Crypt:1  | Entered Level 1 of the Crypt
 46659 | Crypt:3  | Entered Level 3 of the Crypt
 46808 | Crypt:3  | Found a basalt altar of Yredelemnul.
 46829 | Crypt:3  | Reached XP level 25. HP: 182/182 MP: 23/23
 47018 | Crypt:3  | Found the +5 scythe "Finisher" {speed, execute}
 47075 | Crypt:3  | Found a staircase to the Tomb.
 47075 | Crypt:3  | Noticed Khufu
 47080 | Crypt:3  | Killed Khufu
 47087 | Crypt:3  | Got an ivory gem with 1133 turns to spare
 47134 | Tomb:1   | Entered Level 1 of the Tomb of the Ancients
 47272 | Tomb:1   | Noticed a royal mummy
 47272 | Tomb:1   | Noticed a royal mummy
 47284 | Tomb:1   | Killed a royal mummy
 47296 | Tomb:1   | Killed a royal mummy
 47320 | Tomb:1   | Lost mutation: Your health recovers twice as slowly from
                  | being drained. [potion of mutation]
 47320 | Tomb:1   | Lost mutation: You are vulnerable to cold. (rC-) [potion of
                  | mutation]
 47320 | Tomb:1   | Lost mutation: You occasionally lose the ability to drink
                  | potions when taking damage. [potion of mutation]
 47320 | Tomb:1   | Gained mutation: You are agile. (Dex +4, Str/Int -1)
                  | [potion of mutation]
 47439 | Tomb:1   | Noticed a royal mummy
 47445 | Tomb:1   | Killed a royal mummy
 47467 | Tomb:1   | Noticed a royal mummy
 47468 | Tomb:1   | Noticed a royal mummy
 47626 | Tomb:2   | Noticed a royal mummy
 47626 | Tomb:2   | Noticed a royal mummy
 47627 | Tomb:2   | Noticed a royal mummy
 47630 | Tomb:2   | Noticed a royal mummy
 47631 | Tomb:2   | Noticed a royal mummy
 47726 | Tomb:2   | Killed a royal mummy
 47732 | Tomb:2   | Killed a royal mummy
 47750 | Tomb:2   | Killed a royal mummy
 47889 | Tomb:2   | Killed a royal mummy
 47972 | Tomb:1   | Noticed a royal mummy
 47972 | Tomb:1   | Noticed a royal mummy
 47973 | Tomb:1   | Noticed a royal mummy
 47978 | Tomb:1   | Killed a royal mummy
 48123 | Tomb:1   | Noticed a royal mummy
 48126 | Tomb:1   | Noticed a royal mummy
 48129 | Tomb:1   | Killed a royal mummy
 48278 | Tomb:1   | Killed a royal mummy
 48279 | Tomb:1   | Killed a royal mummy
 48285 | Tomb:1   | Killed a royal mummy
 48412 | Tomb:1   | Noticed a royal mummy
 48419 | Tomb:1   | Killed a royal mummy
 48436 | Tomb:1   | Noticed a royal mummy
 48440 | Tomb:1   | Killed a royal mummy
 48462 | Tomb:1   | Killed a royal mummy
 48504 | Tomb:1   | Noticed a royal mummy
 48504 | Tomb:1   | Noticed a royal mummy
 48509 | Tomb:1   | Killed a royal mummy
 48510 | Tomb:1   | Reached XP level 26. HP: 94/189 MP: 23/23
 48511 | Tomb:1   | Killed a royal mummy
 48654 | Tomb:1   | Noticed a royal mummy
 48655 | Tomb:1   | Killed a royal mummy
 48656 | Tomb:1   | Noticed a royal mummy
 48662 | Tomb:1   | Noticed a royal mummy
 48674 | Tomb:1   | Killed a royal mummy
 48796 | Tomb:2   | Killed a royal mummy
 48927 | Tomb:1   | Killed a royal mummy
 48931 | Tomb:1   | Killed a royal mummy
 49241 | Tomb:3   | Entered Level 3 of the Tomb of the Ancients
 49277 | Tomb:3   | Noticed a royal mummy
 49277 | Tomb:3   | Noticed a royal mummy
 49288 | Tomb:3   | Killed a royal mummy
 49293 | Tomb:3   | Killed a royal mummy
 49302 | Tomb:3   | Noticed a royal mummy
 49314 | Tomb:3   | Noticed a royal mummy
 49320 | Tomb:3   | Noticed a royal mummy
 49327 | Tomb:3   | Noticed a royal mummy
 49332 | Tomb:3   | Noticed a royal mummy
 49335 | Tomb:3   | Noticed a royal mummy
 49345 | Tomb:3   | Got a golden rune of Zot
 49348 | Tomb:3   | Killed a royal mummy
 49546 | Tomb:3   | Killed a royal mummy
 49550 | Tomb:3   | Killed a royal mummy
 49640 | Tomb:3   | Found the +8 storm bow {elec, penet}
 49695 | Tomb:3   | Got the Teachings on Portals
 49701 | Tomb:3   | Identified the ring "Qoidot" {rPois rC+ Str+3 Int+4 Dex+3}
 50322 | D:7      | Fell from the grace of Gozag
 50322 | D:7      | Became a worshipper of the Wu Jian Council
 50675 | Depths:4 | Entered Level 4 of the Depths
 50832 | Depths:4 | Reached * piety under Wu Jian
 50928 | Depths:4 | Found a large runed translucent door.
 50929 | Depths:4 | Found a large runed translucent door.
 50931 | Depths:4 | Noticed Kuur's ghost (veteran OnWr)
 50957 | Depths:4 | Killed Kuur's ghost
 51065 | Depths:4 | Found a gate to the Realm of Zot.
 51073 | Depths:4 | Got a midnight gem with 1082 turns to spare
 51101 | Depths:4 | Found a one-way gateway to a ziggurat.
 51343 | Depths:3 | Found Maylid's Book Shop.
 51345 | Depths:3 | Found Ellaojoc's Jewellery Emporium.
 51347 | Depths:3 | Found Zatal's Book Shop.
 51361 | Depths:3 | Bought a book of Movement for 1000 gold pieces
 51370 | Depths:3 | Learned a level 4 spell: Vhi's Electric Charge
 51374 | Depths:3 | Bought the ring "Fip Ingol" {rC+++ Int+6} for 1248 gold
                  | pieces
 51417 | Depths:3 | Found an iron altar of Okawaru.
 51428 | Depths:3 | Reached ** piety under Wu Jian
 51462 | Depths:3 | Reached skill level 1 in Air Magic
 51545 | Depths:2 | Found a one-way gate leading to the halls of Pandemonium.
 51554 | Pan      | Entered Pandemonium
 51750 | Pan      | Reached XP level 27. HP: 198/198 MP: 23/23
 51838 | Pan      | Entered the realm of Gloorx Vloq.
 51839 | Pan      | Reached *** piety under Wu Jian
 51955 | Pan      | Noticed Gloorx Vloq
 51956 | Pan      | Reached skill level 27 in Shapeshifting
 51984 | Pan      | Killed Gloorx Vloq
 52000 | Pan      | Got a dark rune of Zot
 52078 | Pan      | Reached **** piety under Wu Jian
 52250 | Pan      | Found an exit through the horrors of the Abyss.
 52319 | Pan      | Entered the realm of Lom Lobon.
 52506 | Pan      | Reached skill level 5 in Air Magic
 52599 | Pan      | Noticed Lom Lobon
 52607 | Pan      | Killed Lom Lobon
 52622 | Pan      | Got a magical rune of Zot
 52716 | Pan      | Noticed Yfaef the pandemonium lord
 52718 | Pan      | Killed Yfaef the pandemonium lord
 52718 | Pan      | Reached ***** piety under Wu Jian
 52727 | Pan      | Got a demonic rune of Zot
 52831 | Pan      | Entered the realm of Cerebov.
 52831 | Pan      | Found the +6 sword of Cerebov {flame}
 52831 | Pan      | Noticed Cerebov
 52844 | Pan      | Killed Cerebov
 52854 | Pan      | Got a fiery rune of Zot
 52916 | Pan      | Identified the +5 broad axe of Disorder {freeze, +Blink rC+
                  | MP+9 Str+5}
 52953 | Pan      | Identified the staff of Plunder {*Slow rPois rC+ Will+++
                  | Dex+3 Ice}
 52994 | Pan      | Identified the amulet "Potolulu" {Acrobat Harm rPois SInv}
 53151 | Pan      | Found an exit through the horrors of the Abyss.
 53395 | Pan      | Found a runed translucent door.
 53395 | Pan      | Found a runed translucent door.
 53398 | Pan      | Found a runed translucent door.
 53409 | Pan      | Found a runed translucent door.
 53661 | Pan      | Noticed Bieji the pandemonium lord
 53668 | Pan      | Killed Bieji the pandemonium lord
 53685 | Pan      | Entered the realm of Mnoleg.
 53732 | Pan      | Was forgiven by Gozag
 53810 | Pan      | Noticed Mnoleg
 53818 | Pan      | Killed Mnoleg
 53824 | Pan      | Got a glowing rune of Zot
 54240 | Pan      | Found an exit through the horrors of the Abyss.
 54250 | Pan      | Took an exit into the Abyss.
 54250 | Abyss:3  | Escaped into the Abyss
 54290 | Depths:2 | Escaped the Abyss
 54312 | Depths:2 | Identified the +3 robe of the Great Game {Str+2 Int+2}
 54312 | Depths:2 | Noticed Boris
 54320 | Depths:2 | Killed Boris
 54339 | Hell     | Entered the Vestibule of Hell
 54339 | Hell     | Noticed Geryon
 54342 | Hell     | Killed Geryon
 54390 | Hell     | Found a gateway to the ashen valley of Gehenna.
 54471 | Geh:1    | Entered Level 1 of Gehenna
 54872 | Geh:4    | Reached ****** piety under Wu Jian
 54881 | Geh:4    | Reached skill level 10 in Air Magic
 55023 | Geh:6    | Learned a level 7 spell: Manifold Assault
 55277 | Geh:7    | Entered Level 7 of Gehenna
 55463 | Geh:7    | Found the +16 obsidian axe {drain, demonic, Mesm ^Drain Fly
                  | SInv}
 55533 | Geh:7    | Found the +13 sceptre of Asmodeus
 55533 | Geh:7    | Noticed Asmodeus
 55541 | Geh:7    | Killed Asmodeus
 55547 | Geh:7    | Got an obsidian rune of Zot
 55661 | Hell     | Lost mutation: You are agile. (Dex +4, Str/Int -1) [potion
                  | of mutation]
 55661 | Hell     | Lost mutation: You are dopey. (Int -2) [potion of mutation]
 55661 | Hell     | Gained mutation: You occasionally lose the ability to drink
                  | potions when taking damage. [potion of mutation]
 55661 | Hell     | Gained mutation: You expend magic power (3 MP) to
                  | strengthen your wands. [potion of mutation]
 55662 | Hell     | Lost mutation: You expend magic power (3 MP) to strengthen
                  | your wands. [potion of mutation]
 55662 | Hell     | Lost mutation: Your magical capacity is low. (-10% MP)
                  | [potion of mutation]
 55662 | Hell     | Gained mutation: You are frail. (-10% HP) [potion of
                  | mutation]
 55662 | Hell     | Gained mutation: You are dopey. (Int -2) [potion of
                  | mutation]
 55662 | Hell     | Gained mutation: You passively map a small area around you.
                  | [potion of mutation]
 55663 | Hell     | Lost mutation: You are frail. (-10% HP) [potion of
                  | mutation]
 55663 | Hell     | Lost mutation: You occasionally lose the ability to drink
                  | potions when taking damage. [potion of mutation]
 55663 | Hell     | Gained mutation: You are very dopey. (Int -4) [potion of
                  | mutation]
 55663 | Hell     | Gained mutation: You are agile. (Dex +4, Str/Int -1)
                  | [potion of mutation]
 55664 | Hell     | Lost mutation: You are agile. (Dex +4, Str/Int -1) [potion
                  | of mutation]
 55664 | Hell     | Lost mutation: You passively map a small area around you.
                  | [potion of mutation]
 55664 | Hell     | Lost mutation: You are very dopey. (Int -4) [potion of
                  | mutation]
 55664 | Hell     | Gained mutation: Your magical capacity is low. (-10% MP)
                  | [potion of mutation]
 55665 | Hell     | Lost mutation: You are dopey. (Int -2) [potion of mutation]
 55665 | Hell     | Lost mutation: Your magical capacity is low. (-10% MP)
                  | [potion of mutation]
 55665 | Hell     | Gained mutation: Your magical capacity is low. (-10% MP)
                  | [potion of mutation]
 55665 | Hell     | Gained mutation: Your body sometimes deteriorates upon
                  | taking damage. [potion of mutation]
 55665 | Hell     | Gained mutation: Your muscles are strong. (Str +4, Int/Dex
                  | -1) [potion of mutation]
 55665 | Hell     | Gained mutation: You are partially covered in iridescent
                  | scales. (AC +2) [potion of mutation]
 55666 | Hell     | Lost mutation: You are partially covered in iridescent
                  | scales. (AC +2) [potion of mutation]
 55666 | Hell     | Lost mutation: Your magical capacity is low. (-10% MP)
                  | [potion of mutation]
 55667 | Hell     | Lost mutation: Your body sometimes deteriorates upon taking
                  | damage. [potion of mutation]
 55667 | Hell     | Lost mutation: Your muscles are strong. (Str +4, Int/Dex
                  | -1) [potion of mutation]
 55667 | Hell     | Gained mutation: Your flesh is cold resistant. (rC+)
                  | [potion of mutation]
 55667 | Hell     | Gained mutation: You are partially covered in large bone
                  | plates. (SH +4) [potion of mutation]
 55683 | Hell     | Found a gateway to the Iron City of Dis.
 55693 | Dis:1    | Entered Level 1 of the Iron City of Dis
 56103 | Dis:7    | Entered Level 7 of the Iron City of Dis
 56269 | Dis:7    | Reached skill level 15 in Translocations
 56368 | Dis:7    | Noticed the Serpent of Hell
 56377 | Dis:7    | Killed the Serpent of Hell
 56395 | Dis:7    | Reached skill level 5 in Stealth
 56424 | Dis:7    | Noticed a juggernaut
 56431 | Dis:7    | Killed a juggernaut
 56433 | Dis:7    | Noticed Dispater
 56442 | Dis:7    | Killed Dispater
 56444 | Dis:7    | Identified the +6 morningstar of Epsirah {vamp, Stlth+}
 56446 | Dis:7    | Got an iron rune of Zot
 56447 | Dis:7    | Identified the ring of Voubea {Ice rPois Will- Dex-3
                  | Stlth+}
 56511 | Hell     | Found a gateway to the freezing wastes of Cocytus.
 56524 | Coc:1    | Entered Level 1 of Cocytus
 56984 | Coc:7    | Entered Level 7 of Cocytus
 56989 | Coc:7    | Paralysed by a wendigo for 1 turns
 57059 | Coc:7    | Paralysed by a wendigo for 1 turns
 57224 | Coc:7    | Reached skill level 10 in Stealth
 57266 | Coc:7    | Identified the ring "Qosaz" {rPois rCorr Str-5 Int+2
                  | Stlth+}
 57266 | Coc:7    | Noticed Antaeus
 57284 | Coc:7    | Killed Antaeus
 57330 | Coc:7    | Got an icy rune of Zot
 57416 | Hell     | Found a gateway to the decaying netherworld of Tartarus.
 57422 | Tar:1    | Entered Level 1 of Tartarus
 57591 | Tar:4    | Noticed a dread lich
 57597 | Tar:4    | Killed a dread lich
 57706 | Tar:4    | You are sucked into a shaft and drop 1 floor!
 57786 | Tar:7    | Entered Level 7 of Tartarus
 57857 | Tar:7    | Reached skill level 27 in Unarmed Combat
 57871 | Tar:7    | Noticed an ancient lich
 57876 | Tar:7    | Killed an ancient lich
 57984 | Tar:7    | Noticed Ereshkigal
 57988 | Tar:7    | Killed Ereshkigal
 58031 | Tar:7    | Got a bone rune of Zot
 58217 | Zot:1    | Entered Level 1 of the Realm of Zot
 58269 | Zot:5    | Entered Level 5 of the Realm of Zot
 58323 | Zot:5    | Got a prismatic gem with 900 turns to spare
 58347 | Zot:5    | Noticed an orb of fire
 58348 | Zot:5    | Killed an orb of fire
 58349 | Zot:5    | Noticed an ancient lich
 58352 | Zot:5    | Noticed an orb of fire
 58352 | Zot:5    | Noticed a dread lich
 58356 | Zot:5    | Reached skill level 15 in Stealth
 58357 | Zot:5    | Killed an ancient lich
 58362 | Zot:5    | Killed an orb of fire
 58363 | Zot:5    | Killed a dread lich
 58367 | Zot:5    | Noticed an orb of fire
 58369 | Zot:5    | Killed an orb of fire
 58412 | Zot:5    | Noticed an orb of fire
 58413 | Zot:5    | Got the Orb of Zot
 58414 | Zot:5    | Killed an orb of fire
 58416 | Zot:5    | Noticed an orb of fire
 58416 | Zot:5    | Noticed an orb of fire
 58418 | Zot:5    | Killed an orb of fire
 58422 | Zot:5    | Killed an orb of fire
 58575 | Zot:1    | Noticed Zaloy the pandemonium lord
 58579 | Zot:1    | Killed Zaloy the pandemonium lord
 58586 | Zot:1    | Noticed an orb of fire
 58586 | Zot:1    | Noticed an orb of fire
 58588 | Zot:1    | Gained mutation: You are dopey. (Int -2) [an orb of fire]
 58589 | Zot:1    | Gained mutation: You are very dopey. (Int -4) [an orb of
                  | fire]
 58590 | Zot:1    | Killed an orb of fire
 58592 | Zot:1    | Killed an orb of fire
 58592 | Zot:1    | Noticed an orb of fire
 58597 | Zot:1    | Killed an orb of fire
 59000 | D:$      | Escaped with the Orb!

Illustrated notes

Levels and vault maps discovered:
D:1:      mushboom_english_gardens, layout_basic, ebering_ecumenical_altar_mist
D:2:      layout_rooms, grunt_ministairs_4, dk_vineyard_1, uniq_jessica
D:3:      layout_basic
D:4:      old_forge, layout_basic, lemuel_mausoleum_altar_yredelemnul,
          minivault_24, minmay_misc_feat_x
D:5:      layout_loops_ring, hellmonk_ghost_happy_afterlife,
          serial_co_window_serial, co_window_of_opportunity_a,
          co_window_corner_a, co_window_of_opportunity_a, co_window_paths_a,
          co_window_paths_a, co_window_corner_a, co_window_2corner,
          co_window_of_opportunity_b, co_window_of_opportunity_b,
          co_window_of_opportunity_c, co_window_corner_ca,
          co_window_of_opportunity_b, co_window_4corner_a,
          minmay_strange_pillars, uniq_blork_the_orc
D:6:      layout_gridville, grunt_temple_overflow_open,
          minmay_temple_entry_drinking_statues, uniq_grinder, uniq_edmund
D:7:      layout_gridville, mainiacjoe_overflow_small_starburst,
          mainiacjoe_overflow_alcove_2, nicolae_wu_jian_glorious_leap,
          kiku_gazebo_garden_becter, enter_bailey_7
D:8:      layout_basic, uniq_jeremiah
D:9:      layout_roguey, nemelex_diamond_rough_becter, david_orc_3,
          minmay_starry_boxes
D:10:     layout_loops_corners, mainiacjoe_overflow_boulevard,
          erik_lair_orcish_takeover, serial_rivers,
          chequers_serial_rivers_room_a, chequers_serial_rivers_large_b,
          chequers_serial_rivers_room_a, chequers_serial_rivers_micro_b,
          serial_library_hellmonk_reading_circle
D:11:     layout_basic, kennysheep_generic_room_9
D:12:     layout_basic, nicolae_trove_entry_crossroad
D:13:     layout_irregular_city, david_vaults_5, portal_ice_cave_entry_imps,
          serial_undead, serial_undead_a, serial_undead_c, serial_undead_d,
          serial_undead_e, serial_undead_b, serial_undead_d, serial_undead_b,
          serial_undead_b, serial_undead_a, serial_undead_a,
          minmay_misc_feat_pillars
D:14:     layout_roguey, minmay_radiant
D:15:     gammafunk_enter_depths_forms, layout_loops_ring, serial_shops, shop,
          serial_bayou_pond_c, uniq_josephine
Temple:   eino_temple_lava
Lair:1:   layout_roguey, grunt_megastairs_1
Lair:2:   layout_cave_pods, skrybe_swamp_entry_bodies, uniq_gastronok
Lair:3:   layout_regular_city, alex1729_snake_entry_snake,
          infiniplex_staircase_pool
Lair:4:   layout_loops_ring, lemuel_fruit_fields, serial_bayou_shore_b,
          lemuel_fruit_fields
Lair:5:   cheibrodos_lair_end_hotspot, layout_hall_layers, slime_entry_1,
          gauntlet_entry_generic, gammafunk_lair_bear_cave
Swamp:1:  layout_falls_marsh, lemuel_altar_in_water, uniq_kirke, uniq_louise
Swamp:2:  layout_basic_swamp, hangedman_swamp_cone
Swamp:3:  layout_basic_swamp, evilmike_swamp_ruin_house_5
Swamp:4:  swamp_alternative, layout_basic_swamp, nicolae_swamp_oxbows,
          uniq_nikola, uniq_donald
Snake:1:  layout_gridlike, serial_bayou_pond_e
Snake:2:  layout_layer_cave, serial_shops, shop, nicolae_clarity_for_sale,
          grunt_megastairs_4
Snake:3:  layout_misc_corridors, basic_altar, minmay_shoptagon
Snake:4:  snake_hunt, layout_chambers, grunt_megastairs_3, uniq_mara
Slime:1:  cheibrodos_slime_lost_civilization_1, layout_caves
Slime:2:  nicolae_slime_spelunking
Slime:3:  layout_caves
Slime:4:  layout_caves, cheibrodos_slime_lost_civilization_7
Slime:5:  slime_pit_nicolae_inversion
Orc:1:    layout_caves, basic_altar, serial_shops, nicolae_shop_real_fake_doors,
          roderic_batcave, uniq_jorgrun, uniq_harold
Orc:2:    st_orc_town, layout_diamond_mine
Elf:1:    layout_gridlike, kilobyte_rumbling_trees, hex_tiny,
          grunt_ministairs_7, uniq_roxanne, uniq_zenata, uniq_azrael
Elf:2:    nicolae_elf_blades_crystal_corner, layout_loops_corners
Elf:3:    minmay_elf_hall_spiked, layout_gridlike, serial_shops, shop,
          minmay_elf_necromancy
Vaults:1: nicolae_vaults_back_hallway, v_pattern_5, vaults_mumra_hexcomb,
          nicolae_vaults_sealed_display, ontoclasm_vaults_eye, v_misc_12,
          v_misc_23, nicolae_vaults_shelves_hall, v_misc_25, v_misc_19,
          nicolae_vaults_shock_wave, v_misc_15, ontoclasm_vaults_loading_screen,
          layout_vaults_omnibox
Vaults:2: hangedman_vaults_slice, v_misc_10, v_rooms_6, v_misc_33,
          vaults_mumra_minichess_inversion, nicolae_vaults_tangram_2,
          grunt_vaults_hallway_short, vaults_room_fours,
          nicolae_vaults_variable_pillar_hall, ontoclasm_vaults_shuriken,
          nicolae_vaults_tetromino_T_2, nicolae_vaults_specimen_jars,
          layout_vaults_omnicross, serial_shops, bzr_entry_water,
          nicolae_shop_peninsula, nicolae_shop_window_shopping, shop,
          uniq_asterion
Vaults:3: minmay_crypt_entry_nasty_monster, nicolae_vaults_tetromino_Z_1,
          nicolae_vaults_six-pack, st_octagons_2,
          nicolae_vaults_closet_pinwheel_6, vaults_room_large_hall,
          nicolae_vaults_tangram_2, nicolae_vaults_taking_the_gang_shopping,
          nicolae_vaults_surprise_closet, hangedman_vaults_slice,
          layout_vaults_chaotic_city, serial_shops, nicolae_shop_statue_plus
Vaults:4: ebering_ghost_rock_garden, nicolae_vaults_double_plus_2,
          vaults_mumra_lcd, v_alt_pattern_2,
          nicolae_vaults_offset_grid_hallway_1,
          nicolae_vaults_trapezoid_layered, vaults_room_pool,
          nicolae_vaults_storage_closets_2, layout_vaults_omnigrid
Vaults:5: uniq_mennas
Crypt:1:  layout_rooms, grunt_ministairs_9, st_chilly_death
Crypt:2:  layout_chaotic_city, st_stairs_12
Crypt:3:  grunt_crypt_end_deaths_head
Tomb:1
Tomb:2
Tomb:3
Depths:1: layout_small_grid, hellmouth_1, cheibrodos_ashenzari_chains,
          bloody_trog, minmay_shop_star
Depths:2: nzn_winding_woodlands_cross
          [nzn_winding_woodlands_5x15_pathside_ponds,
          nzn_winding_woodlands_5x15_split_checker,
          nzn_winding_woodlands_5x15_sawtooth, nzn_winding_woodlands_5x15_eye,
          nzn_winding_woodlands_15x15_boxy_spiral], layout_honeycomb,
          pf_coc_iceberg, rand_demon_pan_entry_7, grunt_qazlal_clouds,
          nicolae_letterblocks [nicolae_letter_subblock,
          nicolae_letter_subblock, nicolae_letter_subblock,
          nicolae_letter_subblock, nicolae_letter_subblock,
          nicolae_letter_subblock, nicolae_letter_subblock,
          nicolae_letter_subblock, nicolae_letter_subblock,
          nicolae_letter_subblock, nicolae_letter_subblock,
          nicolae_letter_subblock, nicolae_letter_subblock,
          nicolae_letter_subblock, nicolae_letter_subblock,
          nicolae_letter_subblock, nicolae_letter_subblock,
          nicolae_letter_subblock, nicolae_letter_subblock,
          nicolae_letter_subblock, nicolae_letter_subblock,
          nicolae_letter_subblock, nicolae_letter_subblock,
          nicolae_letter_subblock, nicolae_letter_subblock], uniq_boris,
          uniq_josephina, uniq_saint_roka
Depths:3: minmay_bloctagon_deflated, layout_honeycomb,
          hangedman_abyss_entry_splay, mu_enter_wizlab_4, grunt_mini_vestibule,
          okawaru_gym_becter, infiniplex_staircase_pool_2, minmay_shop_grove
Depths:4: evilmike_zot_entry_diamond, layout_long_grid, enter_ziggurat_b,
          pf_hell_entry_tar_spiral, ebering_ghost_disaster_area,
          hangedman_abyss_or_decor_clamps, abyss_entry_crystal,
          chequers_serial_rivers_large_a
Hell
Dis:1:    layout_gridville
Dis:2:    layout_regular_city, evilmike_ambush [evilmike_ambush_outer_corners,
          evilmike_ambush_inner_pond]
Dis:3:    layout_regular_city, nicolae_hells_seeping_fissure
Dis:4:    layout_gridville
Dis:5:    layout_subdivisions
Dis:6:    layout_gridville
Dis:7:    dis_st
Geh:1:    hangedman_generic_boss_arena
Geh:2:    layout_gehenna_pools_basic
Geh:3:    layout_gehenna_pools_box
Geh:4:    layout_gehenna_pools_basic, minmay_fire_ice_demons
Geh:5:    layout_gehenna_lava_caves
Geh:6:    layout_gehenna_pools_box, lemuel_hellion_isle
Geh:7:    geh_grunt
Coc:1:    layout_cocytus_water_paths, nicolae_coc_statues_of_limitations
Coc:2:    layout_cocytus_delve, nicolae_hells_hurtin_island
Coc:3:    layout_ice_bergs
Coc:4:    layout_cocytus_water_paths
Coc:5:    layout_ice_bergs, nicolae_coc_statues_of_limitations
Coc:6:    layout_ice_bergs
Coc:7:    coc_grunt_cove [coc_grunt_cove_antaeus, coc_grunt_cove_fiend,
          coc_grunt_cove_fiend, coc_grunt_cove_fiend, coc_grunt_cove_fiend]
Tar:1:    layout_cathedral_of_symmetry
Tar:2:    layout_catacombs, nicolae_tar_cuneiform_three,
          nicolae_tar_cuneiform_heaven
Tar:3:    layout_cathedral_of_symmetry
Tar:4:    minmay_shadows, layout_cathedral_of_symmetry
Tar:5:    layout_grid_maze
Tar:6:    layout_honeycomb
Tar:7:    tar_grunt_cathedral
Zot:1:    layout_onion, regret_index_zotdec_banners
Zot:2:    kennysheep_spiral_hall, layout_basic, guppyfry_library_mini
Zot:3:    layout_misc_corridors, ebering_ghost_gozag,
          regret_index_zotdec_wing_it
Zot:4:    layout_cellular_growth, regret_index_zotdec_barnacled_simple,
          ebering_ghost_reflecting_pool
Zot:5:    layout_gridlike

Skill      XL: |  1  2  3  4  5  6  7  8  9 10 11 12 13 14 15 16 17 18 19 20 21 22 23 24 25 26 27 |
---------------+----------------------------------------------------------------------------------+-----
Conjurations   | 2 3 4 5 |  5.4
Alchemy        | 4 5 6 7 8 |  8.0
Shapeshifting  | 2 5 7 9 11 12 13 14 16 17 18 19 20 21 22 23 25 26 27 | 27.0
Unarmed Combat | 4 7 9 11 13 15 17 18 19 21 22 23 27 | 27.0
Fighting       | 5 8 10 12 14 16 17 18 24 | 24.5
Dodging        | 5 8 10 11 12 14 15 17 18 24 | 24.4
Translocations | 5 9 10 19 | 19.0
Air Magic      | 2 10 | 10.2
Stealth        | 17 | 17.7
Spellcasting   | |  2.0

Action                     |  1- 3 |  4- 6 |  7- 9 | 10-12 | 13-15 | 16-18 | 19-21 | 22-24 | 25-27 || total
---------------------------+-------+-------+-------+-------+-------+-------+-------+-------+-------++-------
  Melee: Unarmed           |    18 |    10 |    58 |   267 |   666 |   747 |   719 |   946 |  2450 ||  5881
         Constrict         |     7 |     2 |     9 |    79 |   102 |    78 |   105 |    58 |       ||   440
         Punch             |     2 |       |     2 |       |    53 |   108 |   146 |   142 |   502 ||   955
         Tentacles         |     6 |     4 |    17 |       |   112 |   211 |   230 |    95 |       ||   675
   Cast: Sting             |    49 |    88 |   167 |     4 |     1 |       |       |       |       ||   309
         Mercury Vapours   |     1 |     2 |     8 |     9 |    11 |     1 |       |       |       ||    32
         Mephitic Cloud    |       |       |     9 |    17 |    25 |    13 |    24 |     3 |       ||    91
         Olgreb's Toxic Ra |       |       |    17 |    45 |    34 |    10 |    14 |       |       ||   120
         Passage of Golubr |       |       |       |       |       |     1 |       |       |    16 ||    17
         Apportation       |       |       |       |       |       |       |       |     1 |     4 ||     5
         Vhi's Electric Ch |       |       |       |       |       |       |       |       |   160 ||   160
         Manifold Assault  |       |       |       |       |       |       |       |       |     7 ||     7
 Invoke: Potion Petition   |       |       |       |       |     2 |       |     1 |       |     4 ||     7
         Call Merchant     |       |       |       |       |       |     4 |       |     5 |       ||     9
         Bribe Branch      |       |       |       |       |       |       |       |       |     2 ||     2
         Serpent's Lash    |       |       |       |       |       |       |       |       |    39 ||    39
         Heavenly Storm    |       |       |       |       |       |       |       |       |     5 ||     5
Ability: Blinkbolt         |       |       |       |       |       |       |       |    41 |    99 ||   140
         Lunge             |       |       |       |       |       |       |       |       |   259 ||   259
         Whirlwind         |       |       |       |       |       |       |       |       |   271 ||   271
         Wall Jump         |       |       |       |       |       |       |       |       |    20 ||    20
  Evoke: Wand              |       |       |     6 |     8 |     5 |       |     1 |       |    25 ||    45
         Box of beasts     |       |       |       |       |     1 |     1 |     1 |       |     1 ||     4
         Phantom mirror    |       |       |       |       |       |       |     1 |     1 |       ||     2
    Use: Scroll            |     2 |     6 |     6 |     4 |     8 |     9 |     6 |     5 |    41 ||    87
         Potion            |       |       |       |     2 |     2 |     1 |     2 |     1 |    27 ||    35
   Stab: Sleeping          |       |       |     2 |     4 |    12 |    24 |    22 |    14 |    28 ||   106
         Paralysed         |       |       |       |     3 |     3 |       |       |       |       ||     6
         Confused          |       |       |       |     5 |    20 |     6 |    18 |     2 |       ||    51
         Distracted        |       |       |       |     1 |    14 |    13 |    13 |    19 |    26 ||    86
         Invisible         |       |       |       |       |       |       |     2 |       |       ||     2
 Armour: Skin              |    16 |    12 |    51 |   110 |   346 |   517 |   435 |   329 |   347 ||  2163
  Dodge: Dodged            |    13 |    35 |    92 |   130 |   812 |  1029 |  1074 |  1038 |  1957 ||  6180
   Form: Serpent           |       |       |     1 |       |     1 |       |       |       |       ||     2
         Statue            |       |       |       |       |     2 |       |       |       |       ||     2
         Storm             |       |       |       |       |       |       |       |     1 |       ||     1

Table legend: (Time is in decaauts)
 A = Elapsed time spent in this place.
 B = Non-inter-level travel time spent in this place.
 C = Inter-level travel time spent in this place.
 D = Time resting spent in this place.
 E = Time spent auto-exploring this place.
 F = Levels seen in this place.
 G = Mean time per level.
                   A        B        C        D        E       F      G
               +--------+--------+--------+--------+--------+-----+--------+
         Total |  70002 |  60704 |   9298 |    890 |  42767 | 113 |  619.5 |
       Dungeon |  19074 |  16037 |   3037 |     20 |  13302 |  15 | 1271.6 |
        Temple |     16 |      8 |      8 |      0 |      0 |   1 |   16.0 |
          Lair |   7701 |   6959 |    742 |     42 |   5820 |   5 | 1540.2 |
         Swamp |   4036 |   3792 |    244 |      6 |   2995 |   4 | 1009.0 |
     Snake Pit |   6995 |   6743 |    252 |     23 |   5422 |   4 | 1748.8 |
    Slime Pits |    783 |    535 |    248 |      4 |     77 |   5 |  156.6 |
  Orcish Mines |   2799 |   2581 |    218 |      0 |   2050 |   2 | 1399.5 |
   Elven Halls |   2442 |   2254 |    188 |     12 |   1518 |   3 |  814.0 |
        Vaults |  10755 |   9483 |   1272 |      0 |   7354 |   5 | 2151.0 |
         Crypt |    849 |    533 |    316 |      8 |     69 |   3 |  283.0 |
          Tomb |   2747 |   1810 |    937 |    173 |    491 |   3 |  915.7 |
        Depths |   2650 |   1627 |   1023 |      0 |    984 |   4 |  662.5 |
          Hell |    279 |    190 |     89 |     63 |      0 |   1 |  279.0 |
           Dis |    710 |    586 |    124 |    105 |     74 |   7 |  101.4 |
       Gehenna |   1114 |    944 |    170 |    172 |    349 |   7 |  159.1 |
       Cocytus |    816 |    711 |    105 |     89 |     93 |   7 |  116.6 |
      Tartarus |    599 |    346 |    253 |      0 |      4 |   7 |   85.6 |
           Zot |    376 |    311 |     65 |      0 |      0 |   5 |   75.2 |
         Abyss |    386 |    386 |      0 |     68 |    123 |   4 |   96.5 |
   Pandemonium |   2518 |   2518 |      0 |    103 |    870 |  16 |  157.4 |
        Bazaar |    227 |    227 |      0 |      0 |    106 |   1 |  227.0 |
         Trove |     91 |     91 |      0 |      0 |     16 |   1 |   91.0 |
      Ice Cave |    166 |    166 |      0 |      0 |    109 |   1 |  166.0 |
        Wizlab |    945 |    945 |      0 |      0 |    602 |   1 |  945.0 |
      Gauntlet |    915 |    915 |      0 |      0 |    334 |   1 |  915.0 |
               +--------+--------+--------+--------+--------+-----+--------+

Top non-repeatable levels by time:
Vaults:1: 2397 daAuts
 Snake:4: 2270 daAuts
Vaults:3: 2269 daAuts
Vaults:5: 2138 daAuts
 Snake:2: 2099 daAuts
Vaults:2: 2086 daAuts
    D:13: 1957 daAuts
  Lair:5: 1945 daAuts
    D:11: 1926 daAuts
  Lair:2: 1865 daAuts
Vaults:4: 1864 daAuts
   Orc:2: 1835 daAuts
   Elf:3: 1646 daAuts
  Lair:3: 1640 daAuts
     D:4: 1634 daAuts
